 Dungeon Crawl Stone Soup version 0.28.0 (webtiles) character file.

Game seed: 4680683570187189828

58 themarg the Caller (level 4, -6/30 HPs)
             Began as a Merfolk Summoner on Feb 11, 2022.
             Killed by divine providence
             ... invoked by an orc priest
              (13 damage)
             ... on level 3 of the Dungeon.
             The game lasted 00:13:36 (2909 turns).

themarg the Caller (Merfolk Summoner)               Turns: 2909, Time: 00:13:36

Health: -6/30      AC:  2    Str:  8    XL:     4   Next: 1%
Magic:  1/7        EV: 13    Int: 16    God:
Gold:   120        SH:  0    Dex: 14    Spells: 1/8 levels left

rFire   . . .      SeeInvis .   c - +2 spear (venom)
rCold   . . .      Faith    .   (no shield)
rNeg    . . .      Spirit   .   a - +0 robe
rPois   .          Reflect  .   (no helmet)
rElec   .          Harm     .   (no cloak)
rCorr   .          Rampage  .   (no gloves)
Will    .....                   (no boots)
Stlth   ++........              (no amulet)
HPRegen 0.10/turn               (no ring)
MPRegen 0.10/turn               (no ring)

@: no status effects
A: (nimble swimmer 2), mertail
a: no special abilities


You were on level 3 of the Dungeon.
You visited 1 branch of the dungeon, and saw 3 of its levels.

You collected 120 gold pieces.

Inventory:

Hand Weapons
 b - a +0 short sword
 c - a +2 spear of venom (weapon)
Missiles
 j - 56 stones (quivered)
Armour
 a - a +0 robe (worn)
Magical Staves
 h - a staff of conjuration
Scrolls
 d - a scroll of blinking {unknown}
 g - a scroll of fear {unknown}
 i - a scroll of noise {unknown}
 l - a scroll of enchant weapon {unknown}
 m - a scroll of identify {unknown}
Potions
 e - a potion of haste {unknown}
 f - a potion of resistance {unknown}
 k - a potion of might {unknown}


   Skills:
 + Level 0.1 Fighting
 + Level 1.5 Polearms
 + Level 0.3 Throwing
 + Level 2.9 Dodging
 + Level 2.6 Stealth
 + Level 2.6 Spellcasting
 + Level 4.5 Summonings


You had one spell level left.
You knew the following spells:

 Your Spells              Type           Power      Damage    Failure   Level
a - Summon Small Mammal   Summ           64%        N/A       3%          1
b - Call Canine Familiar  Summ           16%        N/A       9%          3
c - Summon Guardian Gole  Hex/Summ       9%         N/A       22%         3

Your spell library contained the following spells:

 Spells                   Type           Power      Damage    Failure   Level
 Call Imp                 Summ           16%        N/A       4%          2
 Gell's Gravitas          Tloc           2%         N/A       52%         3
 Lesser Beckoning         Tloc           2%         N/A       52%         3
 Teleport Other           Tloc           2%         N/A       52%         3
 Tukima's Dance           Hex            2%         N/A       52%         3
 Summon Lightning Spire   Summ/Air       9%         N/A       58%         4
 Airstrike                Air            1%         N/A       89%         4
 Passage of Golubria      Tloc           2%         N/A       89%         4
 Lightning Bolt           Conj/Air       1%         1d12      99%         5
 Yara's Violent Unravell  Hex/Tmut       1%         3d3       99%         5


Dungeon Overview and Level Annotations

Branches:
Dungeon (3/15)

Altars:


Innate Abilities, Weirdness & Mutations

((You are very nimble when in or above water. (Stealth+, EV+, Speed+++)))
Your lower body shifts to a powerful aquatic tail in water.


Message History

The orc misses your hound.
Reach: c) +2 spear (venom)
Press: ? - help, Dir - move target, f - orc
Aim: an orc, wielding a +0 mace (about 37% to evade your +2 spear of venom)
You reach to attack!
You hit the orc.
The orc is heavily wounded.
Your hound bites the orc.
The orc dies!
You have reached level 4!
Reach: c) +2 spear (venom)
Press: ? - help, Dir - move target, f - orc priest
Aim: an orc priest, wielding a +0 short sword and wearing a +0 ring mail (about 34% to evade your +2 spear of venom)
You could not reach far enough!
Your hound bites the orc priest.
The orc priest closely misses your hound.
Your hound misses the orc priest.
Reach: c) +2 spear (venom)
Press: ? - help, Dir - move target, f/p - orc priest
Aim: an orc priest, wielding a +0 short sword and wearing a +0 ring mail (moderately wounded, ally target, about 34% to evade your +2 spear of venom)
You reach to attack!
You hit the orc priest but do no damage.
The orc priest is poisoned.
The orc priest is moderately wounded.
Your hound barely misses the orc priest.
The orc priest hits your hound with a +0 short sword.
Your hound dies!
Your hound's corpse disappears in a puff of smoke!
Casting: Call Canine Familiar (quite dangerous; 9% risk of failure)
Confirm with . or Enter, or press ? or * to list all spells.
The spell is quite dangerous to miscast (9% risk of failure)!
Continue anyway?
Your hound barely misses the orc priest.
You hit the orc priest but do no damage.
The orc priest is heavily wounded.
Your hound barely misses the orc priest.
The orc priest hits you with a +0 short sword!
* * * LOW HITPOINT WARNING * * *
Your hound bites the orc priest but does no damage.
Your hound bites the orc priest but does no damage.
The orc priest mumbles some strange prayers to Beogh against you.
Beogh smites you!
You die...

.. #....########## ...
#)...†........#
..)####.............######
. ...##...................
..##.##...................
................o)........
####.#........h.##...o....
#....#.....#o##...)....
#####..>.#....##@##..o.....
.........#....##.##....o###
....###+##...<##.##.....#
#.#<.............. ....
#.######### ####.# #. #..
.. ### .. .#


You could see 2 orc priests and a friendly hound (summoned).

Vanquished Creatures
  A dart slug (D:2)
  3 ball pythons
  4 bats
  4 endoplasms
  3 goblins
  7 hobgoblins
  7 kobolds
  A quokka (D:1)
  5 frilled lizards
  4 rats
39 creatures vanquished.

Vanquished Creatures (collateral kills)
  2 orcs (D:3)
  A hobgoblin (D:1)
  3 ball pythons
  A bat (D:1)
  2 frilled lizards
  2 kobolds
11 creatures vanquished.

Vanquished Creatures (others)
  A plant (D:1)
1 creature vanquished.

Grand Total: 51 creatures vanquished

Notes
Turn   | Place    | Note
-------+----------+-------------------------------------------
     0 | D:1      | themarg the Merfolk Summoner began the quest for the Orb.
     0 | D:1      | Reached XP level 1. HP: 13/13 MP: 3/3
   663 | D:1      | Reached XP level 2. HP: 19/19 MP: 1/5
  1261 | D:1      | Reached XP level 3. HP: 14/24 MP: 4/6
  1667 | D:2      | Reached skill level 1 in Polearms
  2170 | D:2      | Learned a level 3 spell: Call Canine Familiar
  2174 | D:2      | Learned a level 3 spell: Summon Guardian Golem
  2904 | D:3      | Reached XP level 4. HP: 14/30 MP: 4/7
  2909 | D:3      | Killed from afar by an orc priest

Illustrated notes

Levels and vault maps discovered:
D:1:      elethiomel_arrival_shortcut, layout_loops_corners, serial_forest,
          infiniplex_forest_corner_1, infiniplex_forest_lined_4_way,
          infiniplex_forest_corner_1, infiniplex_forest_clump_diagonal
D:2:      layout_loops_ring
D:3:      minmay_skewed_foursquare, layout_basic, nicolae_ashenzari_panopticon,
          minmay_increasing_density

Skill      XL: |  1  2  3 |
---------------+----------+-----
Polearms       | 1 |  1.5
Fighting       | |  0.1
Throwing       | |  0.3
Dodging        | |  2.9
Stealth        | |  2.6
Spellcasting   | |  2.6
Summonings     | |  4.5

Action                   |  1- 3 |  4- 6 || total
-------------------------+-------+-------++-------
Melee: Spear             |    81 |     2 ||    83
       Short sword       |     5 |       ||     5
       Unarmed           |     4 |       ||     4
       Punch             |     1 |       ||     1
Throw: Stone             |    10 |       ||    10
 Cast: Summon Small Mamm |    40 |       ||    40
       Call Canine Famil |     2 |     1 ||     3
 Stab: Sleeping          |     6 |       ||     6
Armor: Robe              |     6 |       ||     6
Dodge: Dodged            |    29 |       ||    29
